 Dungeon Crawl Stone Soup version 0.30-a0-883-g5ad918d77d (webtiles) character file.

Game seed: 6188166719616496324

1816981 Lavandula the Cloud Mage (level 27, 238/238 HPs)
             Began as a Human Air Elementalist on Mar 15, 2023.
             Was the Champion of Ashenzari.
             Escaped with the Orb
             ... and 4 runes on Mar 16, 2023!
             The game lasted 04:28:48 (112182 turns).

Lavandula the Cloud Mage (Human Air Elementalist) Turns: 112182, Time: 04:28:49

Health: 238/238    AC: 41    Str:  7    XL:     27
Magic:  33/43      EV: 14    Int: 41    God:    Ashenzari [******]
Gold:   4040       SH:  7    Dex: 16    Spells: 6/69 levels left

rFire   + . .      SeeInvis +    z - staff of air (curse) {Elem, Bglg}
rCold   + . .      Faith    .    y - +3 buckler of Ashenzari's Burden {Int+4 Stlth+, Melee, Comp} (curse)
rNeg    + + .      Spirit   .    X - +10 pearl dragon scales of the Bound Mutualism {rN+, Evo, Elem} (curse)
rPois   +          Reflect  .    r - +2 helmet of Ashenzari's Comet {Melee, Self} (curse)
rElec   +          Rampage  +    J - scarf of the Eye in the Sky {rC+ rF+, Bglg, Evo} (curse)
rCorr   +          Clarity  +    G - +2 pair of gloves "Overhang to Understand" {Evo, Fort} (curse)
Will    ++...                    K - +2 pair of boots of the Astral Asceticism {Fly, Fort, Self} (curse)
Stlth   ++                       v - amulet "Thunder Perfect Mind" {Rampage Regen+ Int+6, Bglg, Elem} (curse)
HPRegen 1.39/turn                E - ring of the Shattered Elitism {Wiz, Comp, Self} (curse)
MPRegen 0.28/turn                U - ring of the Unveiling Burden {rPois rN+ rCorr, Fort, Cun} (curse)

@: flying, studying Staves
A: clever 1, low MP 1
0: Orb of Zot
}: 4/15 runes: serpentine, barnacled, slimy, abyssal
a: Renounce Religion, Shatter the Chains


You escaped.
You worshipped Ashenzari.
Ashenzari was exalted by your worship.
You visited 13 branches of the dungeon, and saw 56 of its levels.
You visited the Abyss 3 times.
You also visited: Ice Cave and Wizlab.

You collected 7785 gold pieces.
You spent 3745 gold pieces at shops.

Inventory:

Missiles
 u - 6 throwing nets
Armour
 r - the cursed +2 helmet of Ashenzari's Comet (worn) {Melee, Self}
   (You took it off Robin on level 3 of the Dungeon)

   It has a curse which improves the following skills: Melee Combat: Short
   Blades, Long Blades, Axes, Maces & Flails, Polearms, Staves and Unarmed
   Combat.
   Introspection: Fighting and Spellcasting.
 y - the cursed +3 buckler of Ashenzari's Burden (worn) {Int+4 Stlth+, Melee, Comp}
   (You found it on level 5 of the Pits of Slime)

   Int:       It affects your intelligence (+4).
   Stlth:     It makes you more stealthy.
   It has a curse which improves the following skills: Melee Combat: Short
   Blades, Long Blades, Axes, Maces & Flails, Polearms, Staves and Unarmed
   Combat.
   Companions: Summonings and Necromancy.
 G - the cursed +2 pair of gloves "Overhang to Understand" (worn) {Evo, Fort}
   (You found it on level 8 of the Dungeon)

   It has a curse which improves the following skills: Evocations: Evocations.
   Fortitude: Armour and Shields.
 J - the cursed scarf of the Eye in the Sky (worn) {rC+ rF+, Bglg, Evo}
   (You found it on level 10 of the Dungeon)

   rF:        It protects you from fire.
   rC:        It protects you from cold.
   It has a curse which improves the following skills: Beguiling: Conjurations,
   Hexes and Translocations.
   Evocations: Evocations.
 K - the cursed +2 pair of boots of the Astral Asceticism (worn) {Fly, Fort, Self}
   (You bought it in a shop on level 2 of the Orcish Mines)

   It has a curse which improves the following skills: Fortitude: Armour and
   Shields.
   Introspection: Fighting and Spellcasting.
 X - the cursed +10 pearl dragon scales of the Bound Mutualism (worn) {rN+, Evo, Elem}
   (You found it on level 3 of the Lair of Beasts)

   rN:        It protects you from negative energy.
   It has a curse which improves the following skills: Evocations: Evocations.
   Elements:  Fire Magic, Ice Magic, Air Magic and Earth Magic.
Magical Staves
 z - a cursed staff of air (weapon) {Elem, Bglg}
Jewellery
 v - the cursed amulet "Thunder Perfect Mind" (around neck) {Rampage Regen+ Int+6, Bglg, Elem}
   (You took it off a deep elf sorcerer on level 3 of the Elven Halls)

   [amulet of regeneration]

   Int:       It affects your intelligence (+6).
   Regen:     It increases your rate of health regeneration.
   Rampage:   It bestows one free step when moving towards enemies.
   It has a curse which improves the following skills: Beguiling: Conjurations,
   Hexes and Translocations.
   Elements:  Fire Magic, Ice Magic, Air Magic and Earth Magic.
 E - the cursed ring of the Shattered Elitism (left hand) {Wiz, Comp, Self}
   (You found it on level 3 of the Realm of Zot)

   [ring of wizardry]

   It improves your spell success rate.
   It has a curse which improves the following skills: Companions: Summonings
   and Necromancy.
   Introspection: Fighting and Spellcasting.
 N - a ring of protection from cold
 U - the cursed ring of the Unveiling Burden (right hand) {rPois rN+ rCorr, Fort, Cun}
   (You took it off a deep elf elementalist on level 3 of the Elven Halls)

   [ring of poison resistance]

   rPois:     It protects you from poison.
   rN:        It protects you from negative energy.
   rCorr:     It protects you from acid and corrosion.
   It has a curse which improves the following skills: Fortitude: Armour and
   Shields.
   Cunning:   Dodging and Stealth.
Wands
 q - a wand of paralysis (35)
 H - a wand of quicksilver (14)
 I - a wand of mindburst (48)
 Q - a wand of digging (5)
 T - a wand of iceblast (20)
 V - a wand of flame (61)
Scrolls
 a - 11 scrolls of fear
 e - a scroll of summoning
 f - 10 scrolls of magic mapping
 k - 6 scrolls of fog
 m - 5 scrolls of torment
 o - 13 scrolls of poison
 p - 14 scrolls of vulnerability
 t - 10 scrolls of enchant armour
 w - 19 scrolls of teleportation
 B - 11 scrolls of amnesia
 P - 11 scrolls of blinking
 R - 15 scrolls of enchant weapon
 W - 4 scrolls of brand weapon
 Y - 5 scrolls of immolation
 Z - a scroll of silence
Potions
 c - 11 potions of flight
 d - 12 potions of lignification
 g - 2 potions of cancellation
 h - 6 potions of mutation
 i - 8 potions of attraction
 j - 2 potions of resistance
 l - 23 potions of curing
 n - 3 potions of brilliance
 s - 8 potions of might
 A - 3 potions of ambrosia
 C - 4 potions of berserk rage
 D - 4 potions of heal wounds
 F - a potion of invisibility
 L - 4 potions of haste
Miscellaneous
 b - a tin of tremorstones (2/2)
 M - a box of beasts
 O - a condenser vane
 S - a phantom mirror


   Skills:
 - Level 19.2(24.0) Fighting
 - Level 12.1(16.0) Short Blades
 - Level 9.6(13.6) Staves
 - Level 6.7 Throwing
 - Level 15.7(20.7) Armour
 + Level 19.4(21.7) Dodging
 - Level 7.9(10.6) Stealth
 - Level 16.6(21.5) Spellcasting
 - Level 17.7(22.6) Conjurations
 - Level 14.0(17.9) Summonings
 - Level 9.0(14.1) Translocations
 - Level 7.9(13.0) Ice Magic
 - Level 22.8(27) Air Magic
 - Level 7.8(12.9) Evocations


You had 6 spell levels left.
You knew the following spells:

 Your Spells              Type           Power      Damage    Failure   Level
a - Shock                 Conj/Air       100%       1d9       0%          1
b - Static Discharge      Conj/Air       100%       2-7/arc   0%          2
c - Airstrike             Air            79%        2d(12-28) 0%          4
d - Swiftness             Air            100%       N/A       0%          3
e - Freezing Cloud        Conj/Ice/Air   72%        6-21      0%          5
f - Dispersal             Tloc           51%        N/A       1%          6
g - Arcjolt               Conj/Air       76%        1d86      0%          5
h - Maxwell's Capacitive  Air            79%        ∞         1%          8
i - Conjure Ball Lightni  Conj/Air       76%        3x3d28    0%          6
j - Summon Lightning Spi  Summ/Air       100%       N/A       0%          4
k - Blink                 Tloc           100%       N/A       0%          2
l - Chain Lightning       Conj/Air       76%        3d102     6%          9
m - Apportation           Tloc           100%       N/A       0%          1
n - Malign Gateway        Summ/Tloc      54%        N/A       1%          7

Your spell library contained the following spells:

 Spells                   Type           Power      Damage    Failure   Level
 Magic Dart               Conj           100%       1d8       0%          1
 Summon Small Mammal      Summ           100%       N/A       0%          1
 Lesser Beckoning         Tloc           100%       N/A       0%          2
 Momentum Strike          Conj/Tloc      100%       3d10      0%          2
 Poisonous Vapours        Pois/Air       100%       N/A       0%          2
 Searing Ray              Conj           100%       2d8       0%          2
 Call Canine Familiar     Summ           100%       N/A       0%          3
 Hailstorm                Conj/Ice       100%       3d20      0%          3
 Mephitic Cloud           Conj/Pois/Air  100%       N/A       0%          3
 Vhi's Electric Charge    Tloc/Air       100%       N/A       0%          3
 Iskenderun's Mystic Bla  Conj/Tloc      100%       2d19      0%          4
 Iskenderun's Battlesphe  Conj           100%       2d15      0%          5
 Lightning Bolt           Conj/Air       76%        1d102     0%          5
 Beastly Appendage        Tmut           88%        N/A       1%          1
 Necrotise                Necr           100%       1d9       1%          1
 Sting                    Tmut/Pois      100%       1d8       1%          1
 Cigotuvi's Dreadful Rot  Necr/Pois/Air  100%       N/A       1%          2
 Ensorcelled Hibernation  Hex/Ice        100%       N/A       1%          2
 Passwall                 Tmut/Erth      39%        N/A       1%          2
 Scorch                   Fire           100%       2d10      1%          2
 Frozen Ramparts          Ice            100%       1d16      1%          3
 Gell's Gravitas          Tloc           100%       N/A       1%          3
 Kindle Blastsparks       Fire/Tloc/Air  100%       2d18      1%          3
 Ozocubu's Armour         Ice            100%       N/A       1%          3
 Portal Projectile        Hex/Tloc       100%       N/A       1%          3
 Summon Guardian Golem    Hex/Summ       88%        N/A       1%          3
 Teleport Other           Tloc           100%       N/A       1%          3
 Animate Armour           Summ/Erth      100%       N/A       1%          4
 Flame Wave               Conj/Fire      96%        2d20      1%          4
 Fulminant Prism          Conj/Hex       48%        3d20      1%          4
 Ice Form                 Ice/Tmut       78%        N/A       1%          4
 Manifold Assault         Tloc           100%       N/A       1%          4
 Passage of Golubria      Tloc           100%       N/A       1%          4
 Sticky Flame             Conj/Fire      96%        2d11      1%          4
 Summon Ice Beast         Ice/Summ       100%       N/A       1%          4
 Fireball                 Conj/Fire      48%        3d19      1%          5
 Silence                  Hex/Air        63%        N/A       1%          5
 Summon Forest            Summ/Tloc      54%        N/A       1%          5
 Summon Mana Viper        Hex/Summ       88%        N/A       1%          5
 Iron Shot                Conj/Erth      48%        9d9       1%          6
 Summon Cactus Giant      Summ           56%        N/A       1%          6
 Metabolic Englaciation   Hex/Ice        39%        N/A       2%          5
 Inner Flame              Hex/Fire       50%        N/A       3%          3
 Vampiric Draining        Necr           48%        2d9       3%          3
 Spider Form              Tmut/Pois      44%        N/A       4%          3
 Cause Fear               Hex            25%        N/A       11%         4
 Leda's Liquefaction      Hex/Erth       25%        N/A       11%         4
 Anguish                  Hex/Necr       24%        N/A       12%         4
 Animate Dead             Necr           48%        N/A       12%         4
 Dispel Undead            Necr           48%        3d18      12%         4
 Petrify                  Tmut/Erth      47%        N/A       12%         4
 Simulacrum               Ice/Necr       39%        N/A       14%         6
 Olgreb's Toxic Radiance  Pois           44%        N/A       16%         4
 Lee's Rapid Deconstruct  Erth           25%        3d14*     28%         5
 Borgnjor's Vile Clutch   Necr/Erth      24%        N/A       30%         5
 Agony                    Necr           48%        N/A       32%         5
 Yara's Violent Unravell  Hex/Tmut       23%        3d10      32%         5
 Alistair's Intoxication  Tmut/Pois      29%        N/A       38%         5
 Blade Hands              Tmut           22%        N/A       38%         5
 Death Channel            Necr           24%        N/A       85%         6
 Statue Form              Tmut/Erth      31%        N/A       86%         6
 Eringya's Noxious Bog    Tmut/Pois      22%        N/A       89%         6
 Monstrous Menagerie      Summ           56%        N/A       1%          7
 Orb of Destruction       Conj           62%        9d15      1%          7
 Spellforged Servitor     Conj/Summ      59%        N/A       1%          7
 Storm Form               Tmut/Air       62%        N/A       4%          7
 Ozocubu's Refrigeration  Ice            50%        4d18      6%          7
 Summon Horrible Things   Summ           56%        N/A       6%          8
 Haunt                    Necr/Summ      44%        N/A       26%         7
 Disjunction              Tloc           51%        N/A       28%         8
 Lehudib's Crystal Spear  Conj/Erth      48%        10d11     58%         8
 Polar Vortex             Ice            50%        N/A       99%         9
 Enfeeble                 Hex            25%        N/A       100%        7
 Discord                  Hex            25%        N/A       100%        8
 Infestation              Necr           24%        N/A       100%        8
 Necromutation            Tmut/Necr      23%        N/A       100%        8
 Fire Storm               Conj/Fire      48%        8d12      100%        9
 Shatter                  Erth           25%        3d21*     100%        9


Dungeon Overview and Level Annotations

Branches:
Dungeon (15/15)            Temple (1/1) D:5            Lair (5/5) D:9
 Shoals (4/4) Lair:3        Snake (4/4) Lair:2        Slime (5/5) Lair:5
    Orc (2/2) D:12            Elf (3/3) Orc:2        Vaults (4/5) D:14
  Crypt (3/3) Vaults:3       Tomb (1/3) Crypt:3      Depths (4/4) D:15
    Zot (5/5) Depths:4      IceCv (visited)          WizLab (visited)

Altars:
Ashenzari
Cheibriados
Dithmenos
Elyvilon
Fedhas
Gozag
Hepliaklqana
Kikubaaqudgha
Makhleb
Okawaru
Ru
Sif Muna
Trog
Uskayaw
Vehumet
Wu Jian
Xom
Yredelemnul
Zin
The Shining One

Shops:
D:3 [=   D:6 *   Orc:2 :[*(   Elf:1 *!:?   Shoals:3 *(   Snake:1 :==
Snake:2 *   Snake:3 [   Vaults:4 *

Portals:
Hell: Depths:1 Depths:2 Depths:3 Depths:4
Abyss: Depths:3
Ziggurat: Depths:2

Annotations:
D:4 1 runed translucent door, Crazy Yiuf
D:11 2 transporters, Touch's ghost, journeyman DjCj
Elf:2 3 runed translucent doors
Vaults:2 2 transporters, exclusion: orange crystal statue


Innate Abilities, Weirdness & Mutations

Your mind is acute. (Int +4, Str/Dex -1)
Your magical capacity is low. (-10% MP)


Message History

The balrug gestures at you. The bolt of fire misses you.
The sun demon attacks as you move away! The sun demon hits you!
You are engulfed in flames.
You resist.
There is a stone staircase leading up here.
You block the sun demon's attack.
The sun demon hits you but does no damage.
The balrug hits you but does no damage. The sun demon hits you!!
You are engulfed in flames!
You resist. The sun demon closely misses you.
You fly upwards.
Level annotation: 1 runed translucent door, Crazy Yiuf
There is a stone staircase leading down here.
Unknown command.
You feel yourself speed up. The sun demon barely misses you. x2
Unknown command.
A profane servitor comes into view. It is wielding a +1 whip.
Unknown command.
There is a stone staircase leading up here.
You fly upwards.
There is a stone staircase leading down here.
There is a stone staircase leading up here.
You fly upwards.
Your extra speed is starting to run out.
There is a stone staircase leading down here.
There is an open door here.
You feel yourself slow down.
You sense a monster nearby.
You reach down and open the door.
A Brimstone Fiend comes into view.
There is an open door here.
There is a stone staircase leading up here.
You fly upwards.
There is a stone staircase leading down here.
HP restored.
There is an open door here.
You reach down and open the door.
There is an open door here.
There is an open door here.
There is a staircase leading out of the dungeon here.
You have escaped!

##.......###.###.###..##.....
#..#########'#########.##..#.
##.##.................#.###..#
#..##.#.###########.#.#[.....#
#.###.##.#.......#.##.#..###..
#.# #.#.#.###'###.#.#.#..# ###
#.# #.#.#.#.....#.#.#.#..#
#.###.#.#.#.....#.#.#.#####
#.'.'.#.#.+..@..+.#.#.'.'.# ##
#####.#.#.#.....#.#.#.###.###.
#.#.#.#.....#.#.#.# #.#...
#.#.#.###+###.#.#.###.....
#.##.#)......#.##.#......#
#.#.###########.#.#####..#
#.................###.....
#########'#########...####
#.....##.##........####..


There were no monsters in sight!

Vanquished Creatures
  A pandemonium lord (D:6)
  the Royal Jelly (Slime:5)
  Dissolution (Slime:5)
  2 dread liches (Zot:5)
  2 ancient liches (Zot:5)
  6 orbs of fire (Zot:5)
  Mara (Depths:1)
  Sojobo (Depths:1)
  4 Killer Klowns
  Margery (Vaults:3)
  A curse toe (Zot:4)
  2 caustic shrikes
  Vashnia (Snake:3)
  Saint Roka (Depths:1)
  A caustic shrike (shapeshifter) (Depths:2)
  16 golden dragons
  A profane servitor (Zot:2)
  A Tzitzimitl (Zot:1)
  4 electric golems
  Jorgrun (Elf:2)
  An Ice Fiend (IceCv)
  17 tentacled monstrosities
  A walking crystal tome (Depths:1)
  2 Hell Sentinels
  Zenata (Elf:1)
  22 Orb Guardians (Zot:5)
  A lich (Depths:3)
  2 deep elf master archers (Elf:3)
  2 titans
  14 acid blobs
  9 quicksilver dragons
  A kraken (Shoals:2)
  8 death cobs
  A tentacled starspawn (Abyss:2)
  3 ancient champions
  13 sphinxes
  Kirke (Lair:4)
  Roxanne (Snake:2)
  3 tengu reavers
  13 storm dragons
  13 draconian monks
  5 shadow dragons
  A daeva (D:7)
  9 nagarajas
  Donald (Snake:3)
  13 azure jellies
  A fire giant (shapeshifter) (Elf:1)
  6 revenants
  8 fire giants
  7 rockslimes
  8 frost giants
  A spectral juggernaut (Crypt:3)
  10 draconian knights
  11 vault wardens
  6 ghost moths
  8 deep elf sorcerers (Elf:3)
  A ghost moth (shapeshifter) (Depths:2)
  2 curse skulls (Crypt:1)
  3 spectral caustic shrikes (Depths:1)
  An iron dragon (Depths:2)
  6 draconian stormcallers
  7 draconian scorchers
  A juggernaut zombie (Crypt:1)
  Louise (Snake:2)
  6 deep elf elementalists
  A draconian shifter (Zot:4)
  8 ghouls
  2 reapers
  An angel (WizLab)
  4 draconian annihilators
  2 orc warlords
  25 very ugly things
  A quicksilver ooze (shapeshifter) (Depths:2)
  7 quicksilver oozes
  12 ironbound thunderhulks
  19 ironbound preservers
  3 spriggan defenders (Depths:2)
  8 vampire knights
  2 war gargoyles
  15 stone giants
  5 deep elf demonologists (Elf:3)
  15 green draconians
  18 black draconians
  14 dire elephants
  14 red draconians
  5 yellow draconians
  The ghost of Duishro the Thaumaturge, a journeyman DjFE of Cheibriados (Lair:4)
  19 white draconians
  Nessos (D:14)
  29 purple draconians
  11 deep elf annihilators
  12 spark wasps
  9 deep elf death magi
  The ghost of
  112233 the Geomancer, a journeyman OpEE of Gozag (Lair:3)
  10 ettins
  7 eidola
  6 crystal guardians
  2 spectral quicksilver dragons (Crypt:3)
  2 mummy priests (Tomb:1)
  10 fire dragons
  A fire dragon (shapeshifter) (D:14)
  A great orb of eyes (shapeshifter) (Depths:2)
  11 jiangshi
  A merfolk javelineer (Shoals:2)
  8 merfolk impalers
  9 yaktaur captains
  15 great orbs of eyes
  6 deep elf high priests (Elf:3)
  3 entropy weavers
  4 salamander tyrants
  5 rakshasas
  10 peacekeepers
  7 ice dragons
  3 ogre magi
  4 hydras
  3 spriggan air magi
  2 caustic shrike simulacra (IceCv)
  17 anacondas
  5 catoblepae
  15 vault guards
  2 merfolk avatars
  A spriggan skeleton (Depths:3)
  A satyr (Shoals:2)
  9 ironbound frosthearts
  A two-headed ogre (shapeshifter) (Depths:2)
  8 centaur warriors
  An alligator snapping turtle (Shoals:3)
  21 dancing weapons
  10 two-headed ogres
  6 merfolk aquamancers
  5 death knights
  Erica (D:9)
  3 boulder beetles
  4 death yaks (Lair:5)
  6 death scarabs (Tomb:1)
  5 tengu warriors
  10 vampire magi
  12 naga warriors
  A spectral stone giant (Crypt:3)
  4 deep troll shamans
  8 spriggan berserkers
  5 deep troll earth magi
  10 shock serpents
  16 naga sharpshooters
  5 spectral storm dragons (Crypt:3)
  A spectral dire elephant (Crypt:3)
  A soul eater (Crypt:2)
  A hell knight (Depths:3)
  5 salamander mystics
  14 deep elf knights
  27 skeletal warriors
  Nergalle (Orc:1)
  6 shadow wraiths
  2 iron trolls
  12 sea snakes
  A spectral bunyip (Crypt:3)
  A death drake (Depths:4)
  A spectral iron dragon (Crypt:3)
  4 glowing orange brains
  A death drake (shapeshifter) (Depths:2)
  3 skysharks
  A sea snake (shapeshifter) (Depths:2)
  An obsidian statue (IceCv)
  7 flayed ghosts
  72 deep trolls
  2 tengu zombies
  A bog body (IceCv)
  A deep troll (shapeshifter) (Depths:2)
  12 spriggan simulacra (IceCv)
  An orange crystal statue (Depths:2)
  5 orc knights
  6 lindwurms
  A harpy (shapeshifter) (Depths:2)
  8 naga ritualists
  8 wizards
  3 harpies (Vaults:3)
  19 deep elf pyromancers
  16 phantasmal warriors
  8 mana vipers
  27 deep elf zephyrmancers
  2 golden dragon skeletons
  10 ironbound convokers
  17 deep elf archers
  Pikel (D:4)
  10 necromancers
  An iron dragon zombie (Depths:3)
  42 ugly things
  11 fauns
  7 shining eyes
  14 manticores
  4 orc sorcerers
  6 cyclopes
  A spectral ettin (Crypt:3)
  A spectral boulder beetle (Lair:3)
  A tengu skeleton (Vaults:2)
  2 spectral centaurs (Crypt:3)
  30 moths of wrath
  4 frost giant zombies
  12 salamanders
  4 elephants (Lair:4)
  9 guardian serpents
  3 merfolk sirens
  Maurice (D:9)
  14 vault sentinels
  34 black mambas
  9 water nymphs
  A frost giant skeleton (Depths:2)
  2 eyes of devastation
  A torpor snail (shapeshifter) (Depths:2)
  2 smoke demons (Abyss:3)
  A cane toad (shapeshifter) (Depths:2)
  23 naga magi
  3 molten gargoyles (WizLab)
  3 gargoyles (WizLab)
  9 cane toads
  A guardian serpent (shapeshifter) (Depths:4)
  2 death yak zombies
  A kobold demonologist (D:10)
  2 unseen horrors
  A dire elephant skeleton (Crypt:3)
  2 rime drakes
  9 komodo dragons
  26 yaktaurs
  24 freezing wraiths
  2 anaconda simulacra
  A steelbarb worm zombie (Crypt:1)
  A swamp worm zombie (Crypt:2)
  An ancient zyme (Abyss:3)
  A death yak skeleton (Crypt:1)
  A golden dragon simulacrum (IceCv)
  4 tengu conjurers
  9 ice devils (IceCv)
  16 trolls
  3 polar bears
  A spectral harpy (Crypt:3)
  A queen bee (D:14)
  6 guardian mummies (Tomb:1)
  3 meliai (D:14)
  20 merfolk
  A shadow dragon simulacrum (Depths:2)
  8 hornets
  9 snapping turtles
  11 wind drakes
  Grinder (D:5)
  Prince Ribbit (D:7)
  2 raiju (Abyss:3)
  A spectral dream sheep (Lair:3)
  11 blink frogs
  A nameless horror (Zot:3)
  A great orb of eyes zombie (Crypt:3)
  A radroach zombie (Crypt:1)
  A stone giant simulacrum (Vaults:3)
  A guardian serpent skeleton (Crypt:2)
  9 air elementals
  A culicivora (Vaults:1)
  A jumping spider (Vaults:2)
  A dire elephant simulacrum (IceCv)
  2 ushabtiu (Tomb:1)
  2 wyverns
  8 flying skulls
  12 wraiths
  46 yaks
  121 slime creatures
  8 spriggans
  A spriggan (shapeshifter) (Elf:2)
  22 water elementals
  2 fire elementals
  2 shadows
  6 basilisks
  A spectral fire crab (Lair:3)
  A golden eye (shapeshifter) (D:14)
  3 steam dragons
  5 hogs (Lair:4)
  A human (Lair:4)
  Grum (D:11)
  A hog (shapeshifter) (D:14)
  5 redbacks
  A human simulacrum (Vaults:2)
  6 minotaur simulacra (IceCv)
  A warg (Depths:1)
  3 harpy simulacra
  A cane toad zombie (Crypt:2)
  2 glowing shapeshifter zombies
  9 vampire mosquitoes (D:12)
  A demonspawn zombie (Crypt:2)
  32 nagas
  A neqoxec (Abyss:2)
  Edmund (D:4)
  3 swamp worms (Lair:1)
  3 acid dragons
  A floating eye (shapeshifter) (Depths:2)
  A faun zombie (Crypt:3)
  9 water moccasins
  2 hydra simulacra
  A floating eye (Depths:1)
  22 orc warriors
  A sky beast (shapeshifter) (Depths:2)
  3 black bears
  An alligator simulacrum (IceCv)
  A sky beast (D:8)
  An ice beast (shapeshifter) (Depths:2)
  A boulder beetle simulacrum (Lair:3)
  An ettin simulacrum (Crypt:3)
  20 ogres
  5 boggarts (D:14)
  7 wolves
  12 centaurs
  An elephant zombie (Crypt:1)
  2 snapping turtle skeletons (Crypt:3)
  A hog skeleton (Crypt:3)
  2 human zombies
  Blork the orc (D:4)
  14 bullfrogs
  A small abomination (Abyss:3)
  2 glowing shapeshifter simulacra
  A yaktaur skeleton (Crypt:1)
  3 necrophages (Crypt:2)
  2 naga simulacra (Crypt:3)
  4 earth elementals
  2 cane toad simulacra (Lair:3)
  4 deep troll simulacra (IceCv)
  2 scorpions
  An elf skeleton (Crypt:3)
  3 wights (D:8)
  2 lindwurm simulacra (IceCv)
  A shapeshifter zombie (Crypt:2)
  27 killer bees
  A raiju skeleton (Crypt:2)
  11 electric eels
  A raiju zombie (Crypt:2)
  A howler monkey (D:8)
  A torpor snail simulacrum (Lair:3)
  A polar bear skeleton (Crypt:1)
  7 jellies
  3 sleepcaps
  2 hounds (D:6)
  12 orc priests
  4 iguanas
  An iron imp (Abyss:2)
  Natasha (twice) (D:3)
  13 orc wizards
  A scorpion zombie (D:3)
  2 lightning spires (WizLab)
  A hound zombie (Crypt:2)
  An ogre skeleton (Crypt:3)
  9 mummies
  Robin (D:3)
  4 adders
  3 gnolls (D:6)
  A shadow imp (D:8)
  2 white imps (D:5)
  2 ufetubi (D:5)
  3 adder skeletons (D:3)
  A worm (D:4)
  3 dart slugs
  58 orcs
  4 ball pythons
  7 endoplasms
  5 giant cockroaches
  21 goblins
  8 hobgoblins
  5 jackals (D:1)
  3 quokkas
  4 bats
  3 frilled lizards
  2 jackal zombies
  4 kobold zombies (D:5)
  A quokka skeleton (D:3)
  4 rats
  A starspawn tentacle (Abyss:2)
  2 tentacles (Shoals:2)
2367 creatures vanquished.

Vanquished Creatures (collateral kills)
  A Killer Klown (Zot:2)
  3 Orb Guardians (Zot:5)
  A quicksilver dragon (Zot:1)
  A deep elf blademaster (Elf:3)
  2 death cobs
  Agnes (D:14)
  A shadow dragon (Zot:2)
  A draconian knight (Zot:1)
  A draconian scorcher (Zot:2)
  A very ugly thing (Vaults:4)
  A green draconian (Zot:2)
  A black draconian (Zot:3)
  A white draconian (Zot:5)
  A dire elephant (Vaults:2)
  2 purple draconians
  2 blizzard demons (Abyss:3)
  3 hell knights (Vaults:3)
  A shining eye (Slime:5)
  A moth of wrath (Zot:2)
  2 raiju (Abyss:3)
  2 slime creatures (Slime:5)
  An orc (Orc:1)
  18 ball lightnings
49 creatures vanquished.

Vanquished Creatures (others)
  23 eldritch tentacles
  A purple draconian (Zot:2)
  An ironbound frostheart (Vaults:3)
  A flying skull (Abyss:3)
  A howler monkey (D:11)
  An orc (Orc:1)
  640 ball lightnings
  40 fungi
  170 plants
  3 starspawn tentacles (Abyss:2)
  2 tentacles (Shoals:2)
  21 withered plants (D:3)
904 creatures vanquished.

Grand Total: 3320 creatures vanquished

Notes
Turn   | Place    | Note
-------+----------+-------------------------------------------
     0 | D:1      | Lavandula the Human Air Elementalist began the quest for
                  | the Orb.
     0 | D:1      | Reached XP level 1. HP: 13/13 MP: 3/3
   320 | D:1      | Reached XP level 2. HP: 18/19 MP: 3/5
   920 | D:2      | Reached XP level 3. HP: 24/24 MP: 4/6
  1130 | D:2      | Identified the +1 spear of Kalaen {elec, rF++ rN+ Will-
                  | Int+3}
  1733 | D:2      | Found a faded altar of an unknown god.
  1863 | D:3      | Reached XP level 4. HP: 27/30 MP: 2/7
  1952 | D:3      | Reached skill level 4 in Air Magic
  2072 | D:3      | Found Mouwk's Jewellery Boutique.
  2138 | D:3      | Noticed Robin
  2153 | D:3      | Killed Robin
  2346 | D:3      | Found Baepsuh's Armour Emporium.
  2467 | D:3      | Reached XP level 5. HP: 35/35 MP: 3/9
  2712 | D:3      | Identified the +1 dagger of Caran {pain, *Corrode Int+4}
  2751 | D:3      | Noticed Natasha
  2760 | D:3      | Killed Natasha
  2761 | D:3      | Reached skill level 5 in Air Magic
  3463 | D:4      | Noticed an ogre
  3602 | D:4      | Learned a level 2 spell: Static Discharge
  3607 | D:4      | Learned a level 4 spell: Airstrike
  3613 | D:4      | Reached XP level 6. HP: 41/41 MP: 7/10
  3669 | D:4      | Noticed Edmund
  3691 | D:4      | Noticed Blork the orc
  3901 | D:4      | Found a sacrificial altar of Ru.
  4138 | D:3      | Noticed Natasha
  4141 | D:3      | Killed Natasha
  4142 | D:3      | Reached skill level 6 in Air Magic
  4375 | D:4      | Killed an ogre
  4542 | D:4      | Noticed Pikel
  4545 | D:4      | Killed Pikel
  4546 | D:4      | Reached skill level 8 in Air Magic
  4546 | D:4      | Reached XP level 7. HP: 46/46 MP: 1/11
  4546 | D:4      | Reached XP level 8. HP: 52/52 MP: 1/12
  4857 | D:4      | Killed Edmund
  4858 | D:4      | Reached skill level 9 in Air Magic
  5046 | D:4      | Found a runed translucent door.
  5047 | D:4      | Noticed Crazy Yiuf
  5095 | D:5      | Entered Level 5 of the Dungeon
  5220 | D:4      | Killed Blork the orc
  5476 | D:5      | Learned a level 3 spell: Swiftness
  5751 | D:5      | Noticed Grinder
  5753 | D:5      | Killed Grinder
  5754 | D:5      | Reached XP level 9. HP: 57/57 MP: 5/15
  6184 | D:6      | Reached skill level 5 in Spellcasting
  6718 | D:6      | Found Uclouv's General Store.
  6777 | D:5      | Found a staircase to the Ecumenical Temple.
  6849 | Temple   | Entered the Ecumenical Temple
  6951 | Temple   | Became a worshipper of Ashenzari the Shackled
  7074 | D:5      | Found a shimmering altar of Xom.
  7076 | D:5      | Found an opulent altar of Gozag.
  7076 | D:5      | Found a glowing silver altar of Zin.
  7078 | D:5      | Found a glowing golden altar of the Shining One.
  7078 | D:5      | Found a hazy altar of Hepliaklqana.
  7078 | D:5      | Found a shimmering blue altar of Sif Muna.
  7555 | D:5      | Identified the +3 leather armour of Folyimeagg {rPois rCorr
                  | SInv}
  7580 | D:5      | Found an iron altar of Okawaru.
  7583 | D:5      | Found a hide-covered altar of Uskayaw.
  7587 | D:5      | Found a burning altar of Makhleb.
  7795 | D:7      | Noticed Prince Ribbit
  7804 | D:7      | Killed Prince Ribbit
  8038 | D:7      | Identified the +0 spear of Execution {spect, *Slow rF++ rC+
                  | Str+2}
  8458 | D:7      | Reached * piety under Ashenzari
  8947 | D:8      | Learned a level 5 spell: Freezing Cloud
  8978 | D:8      | Reached XP level 10. HP: 51/63 MP: 14/23
  9561 | D:8      | Reached ** piety under Ashenzari
  9654 | D:8      | Noticed a deep elf pyromancer
  9658 | D:8      | Killed a deep elf pyromancer
  9659 | D:8      | Reached skill level 10 in Spellcasting
 10355 | D:9      | Noticed Maurice
 10358 | D:9      | Killed Maurice
 10525 | D:9      | Found a white marble altar of Elyvilon.
 10572 | D:9      | Noticed Erica
 10581 | D:9      | Killed Erica
 10798 | D:9      | Found a glowing silver altar of Zin.
 10798 | D:9      | Found an ancient bone altar of Kikubaaqudgha.
 10806 | D:9      | Found a bloodstained altar of Trog.
 10808 | D:9      | Found a basalt altar of Yredelemnul.
 10810 | D:9      | Found a radiant altar of Vehumet.
 11251 | D:9      | Reached skill level 10 in Air Magic
 11459 | D:9      | Found a staircase to the Lair.
 11483 | D:10     | Entered Level 10 of the Dungeon
 11567 | D:10     | Noticed a komodo dragon
 11686 | D:10     | Noticed an unseen horror
 11686 | D:10     | Noticed a two-headed ogre
 11692 | D:10     | Killed a two-headed ogre
 11693 | D:10     | Reached XP level 11. HP: 26/68 MP: 12/27
 11872 | D:10     | Noticed a two-headed ogre
 11883 | D:10     | Killed a two-headed ogre
 11887 | D:10     | Reached skill level 11 in Air Magic
 11985 | D:10     | Found a blossoming altar of Fedhas.
 12865 | D:10     | Reached skill level 12 in Air Magic
 13311 | D:11     | Noticed Grum
 13468 | D:11     | Found an iron altar of Okawaru.
 13492 | D:11     | Found a transporter.
 13496 | D:11     | Noticed a cyclops
 13498 | D:11     | Noticed a cyclops
 13498 | D:11     | Noticed Touch's ghost (journeyman DjCj)
 13500 | D:11     | Noticed a two-headed ogre
 13502 | D:11     | Noticed a cyclops
 13552 | D:11     | Killed Grum
 13553 | D:11     | Reached skill level 1 in Short Blades
 13598 | D:11     | Found a transporter.
 13647 | D:11     | Noticed a white ugly thing
 13670 | D:11     | Killed a white ugly thing
 13805 | D:11     | Noticed a green ugly thing
 13809 | D:11     | Noticed a cyan ugly thing
 13828 | D:10     | Killed a green ugly thing
 13937 | D:11     | Reached *** piety under Ashenzari
 14469 | Lair:1   | Entered Level 1 of the Lair of Beasts
 14775 | Lair:1   | Reached **** piety under Ashenzari
 14938 | Lair:1   | Reached skill level 1 in Ice Magic
 14939 | Lair:1   | Reached XP level 12. HP: 75/75 MP: 16/29
 14940 | Lair:1   | Identified the +5 plate armour of Osauschoaf {Rampage}
 15603 | Lair:2   | Reached skill level 5 in Ice Magic
 15975 | Lair:2   | Noticed a six-headed hydra
 16919 | Lair:2   | Reached skill level 1 in Fighting
 17118 | Lair:2   | Killed a six-headed hydra
 17256 | Lair:2   | Found a staircase to the Snake Pit.
 17494 | Lair:2   | Reached XP level 13. HP: 89/92 MP: 18/30
 17703 | Lair:2   | Reached skill level 5 in Armour
 18427 | Lair:3   | Found a runed translucent gate.
 18427 | Lair:3   | Found a runed translucent gate.
 18428 | Lair:3   | Found a runed translucent gate.
 18432 | Lair:3   | Noticed 112233's ghost (journeyman OpEE)
 19003 | Lair:3   | Found a staircase to the Shoals.
 19003 | Lair:3   | Noticed a six-headed hydra
 19008 | Lair:3   | Killed a six-headed hydra
 19268 | Lair:4   | Noticed Kirke
 19279 | Lair:4   | Reached skill level 5 in Dodging
 19282 | Lair:4   | Killed Kirke
 19747 | Lair:4   | Noticed a catoblepas
 19756 | Lair:4   | Killed a catoblepas
 19979 | Lair:4   | Noticed an eight-headed hydra
 20262 | Lair:4   | Identified the +2 robe of Eragism {rC+ Str+3}
 20275 | Lair:4   | Killed an eight-headed hydra
 20573 | Lair:4   | Found a runed translucent gate.
 20573 | Lair:4   | Found a runed translucent gate.
 20573 | Lair:4   | Found a runed translucent gate.
 20845 | Lair:4   | Noticed Duishro's ghost (journeyman DjFE)
 20867 | Lair:4   | Killed Duishro's ghost
 20868 | Lair:4   | Reached skill level 5 in Evocations
 21009 | Lair:5   | Entered Level 5 of the Lair of Beasts
 21038 | Lair:5   | Found a staircase to the Slime Pits.
 21470 | Lair:5   | Noticed a catoblepas
 21481 | Lair:5   | Killed a catoblepas
 21482 | Lair:5   | Reached XP level 14. HP: 55/98 MP: 17/31
 21837 | Lair:5   | Reached skill level 1 in Throwing
 23233 | Lair:5   | Reached skill level 5 in Short Blades
 25326 | D:12     | Found a staircase to the Orcish Mines.
 25711 | Orc:1    | Entered Level 1 of the Orcish Mines
 26224 | Orc:2    | Entered Level 2 of the Orcish Mines
 27464 | D:13     | Reached skill level 10 in Short Blades
 27464 | D:13     | Reached XP level 15. HP: 70/103 MP: 19/32
 27839 | D:13     | Paralysed by an ogre mage for 4 turns
 27901 | D:13     | Noticed a cyan very ugly thing
 28064 | Lair:3   | Killed 112233's ghost
 28636 | D:14     | Noticed Nessos
 28640 | D:14     | Killed Nessos
 28766 | D:14     | Identified the +1 leather armour "Laecs" {Rampage MP+9
                  | Int+2 Slay-5}
 28961 | D:14     | Noticed Agnes
 28970 | D:14     | Killed Agnes
 29057 | D:14     | Found a gate to the Vaults.
 29407 | D:14     | Reached skill level 5 in Fighting
 30182 | D:15     | Entered Level 15 of the Dungeon
 30323 | Abyss:2  | Cast into level 2 of the Abyss (a wizard)
 30327 | Abyss:2  | Noticed a bone dragon
 30362 | Abyss:2  | Reached skill level 13 in Air Magic
 30362 | Abyss:2  | Reached XP level 16. HP: 117/118 MP: 7/32
 30380 | Abyss:2  | Noticed a tentacled starspawn
 30395 | Abyss:2  | Gained mutation: You occasionally lose the ability to drink
                  | potions when taking damage. [a neqoxec]
 30395 | Abyss:2  | Killed a tentacled starspawn
 30396 | Abyss:2  | Reached skill level 5 in Stealth
 30551 | Abyss:2  | Noticed a bone dragon
 30559 | Abyss:3  | Noticed a bone dragon
 30562 | Abyss:3  | Found a corrupted altar of Lugonu.
 30651 | Abyss:3  | Got an abyssal rune of Zot
 30711 | Abyss:3  | Noticed an ancient lich
 30736 | Abyss:3  | Lost mutation: You occasionally lose the ability to drink
                  | potions when taking damage. [potion of mutation]
 30736 | Abyss:3  | Gained mutation: You are frail. (-10% HP) [potion of
                  | mutation]
 30736 | Abyss:3  | Gained mutation: Your muscles are strong. (Str +4, Int/Dex
                  | -1) [potion of mutation]
 30760 | D:15     | Escaped the Abyss
 31053 | Shoals:1 | Entered Level 1 of the Shoals
 31067 | Shoals:1 | Reached XP level 17. HP: 111/111 MP: 24/33
 31306 | Shoals:1 | Learned a level 6 spell: Dispersal
 31318 | Shoals:1 | Reached skill level 1 in Translocations
 31662 | Shoals:1 | Identified the +3 arbalest of Qoros {penet, rElec rF+
                  | Dex+3}
 32533 | Shoals:1 | Reached skill level 5 in Translocations
 34797 | Shoals:2 | Noticed a kraken
 34806 | Shoals:2 | Killed a kraken
 35926 | Orc:2    | Found a staircase to the Elven Halls.
 35999 | Orc:2    | Found Ohusoli's Weapon Shop.
 36012 | Orc:2    | Reached skill level 5 in Throwing
 36330 | Orc:2    | Found Nis Neal's General Store.
 36353 | Orc:2    | Found Odec's Antique Armour Boutique.
 36354 | Orc:2    | Found Ype Bua's Book Boutique.
 36356 | Orc:2    | Bought a potion of mutation for 144 gold pieces
 36362 | Orc:2    | Bought a pair of runed boots for 225 gold pieces
 36378 | Orc:2    | Bought Maxwell's Memoranda for 608 gold pieces
 36384 | Orc:2    | Learned a level 5 spell: Arcjolt
 36393 | Orc:2    | Learned a level 8 spell: Maxwell's Capacitive Coupling
 36393 | Orc:2    | Bought a book of the Spheres for 864 gold pieces
 36400 | Orc:2    | Learned a level 6 spell: Conjure Ball Lightning
 37099 | Orc:1    | Noticed Nergalle
 37112 | Orc:1    | Killed Nergalle
 37737 | Shoals:3 | Found Tyssile's Antique Weapon Emporium.
 37870 | Shoals:3 | Bought a runed dagger for 190 gold pieces
 37888 | Shoals:3 | Reached skill level 14 in Air Magic
 38043 | Shoals:3 | Reached XP level 18. HP: 116/116 MP: 14/34
 39043 | Shoals:3 | Found Yhoxeg's General Store.
 39051 | Shoals:3 | Bought a scroll of fog for 52 gold pieces
 39051 | Shoals:3 | Bought a scroll of fear for 52 gold pieces
 39051 | Shoals:3 | Bought a potion of curing for 39 gold pieces
 39325 | Shoals:4 | Entered Level 4 of the Shoals
 39981 | Shoals:4 | Reached skill level 15 in Air Magic
 40199 | Shoals:4 | Paralysed by an air elemental for 1 turns
 40353 | Shoals:4 | Paralysed by an air elemental for 1 turns
 40353 | Shoals:4 | Noticed a titan
 40361 | Shoals:4 | Paralysed by an air elemental for 1 turns
 41069 | Shoals:4 | Paralysed by an air elemental for 1 turns
 41243 | Shoals:4 | Paralysed by an air elemental for 1 turns
 41466 | Snake:1  | Entered Level 1 of the Snake Pit
 41466 | Snake:1  | Found Kuxil's Book Shop.
 41466 | Snake:1  | Found Kopegis's Jewellery Emporium.
 41470 | Snake:1  | Reached skill level 16 in Air Magic
 41518 | Snake:1  | Found Qaonoz's Jewellery Emporium.
 43108 | Snake:2  | Noticed Roxanne
 43832 | Snake:2  | Killed Roxanne
 43833 | Snake:2  | Reached skill level 17 in Air Magic
 44017 | Snake:2  | Found Hosaeh's Overcharged Wands.
 44534 | Snake:2  | Reached ***** piety under Ashenzari
 45834 | Snake:2  | Reached XP level 19. HP: 58/126 MP: 23/37
 46148 | Snake:2  | Reached skill level 18 in Air Magic
 46708 | Snake:2  | Noticed Louise
 47137 | Snake:2  | Killed Louise
 48340 | Snake:3  | Noticed Vashnia
 48928 | Snake:3  | Reached skill level 19 in Air Magic
 49183 | Snake:3  | Killed Vashnia
 49366 | Snake:3  | Found Irerosiu's Armour Shoppe.
 49371 | Snake:3  | Noticed Donald
 49375 | Snake:3  | Killed Donald
 49652 | Snake:4  | Entered Level 4 of the Snake Pit
 49668 | Snake:4  | Found a frozen archway.
 49684 | IceCv    | Entered an ice cave
 51167 | IceCv    | Noticed an Ice Fiend
 51322 | IceCv    | Killed an Ice Fiend
 51529 | IceCv    | Reached skill level 20 in Air Magic
 54088 | Snake:4  | Reached XP level 20. HP: 134/136 MP: 20/37
 55222 | Snake:4  | Reached skill level 10 in Fighting
 56376 | Snake:4  | Got a serpentine rune of Zot
 56713 | Vaults:1 | Entered Level 1 of the Vaults
 57537 | Vaults:1 | Reached skill level 10 in Dodging
 58051 | Vaults:1 | Learned a level 4 spell: Summon Lightning Spire
 58082 | Vaults:1 | Paralysed by a great orb of eyes for 5 turns
 58622 | Vaults:1 | Reached XP level 21. HP: 152/152 MP: 4/40
 60258 | Vaults:2 | Found a transporter.
 60258 | Vaults:2 | Identified the ring of Alicoz {rF++ rCorr AC+4}
 60272 | Vaults:2 | Found a transporter.
 60272 | Vaults:2 | Identified the +0 pair of gloves of Leapfrog {rF+ rC-
                  | rCorr}
 60849 | Vaults:2 | Reached skill level 15 in Dodging
 62367 | Elf:1    | Entered Level 1 of the Elven Halls
 62945 | Vaults:3 | Reached XP level 22. HP: 162/162 MP: 34/42
 63269 | Vaults:3 | Noticed Margery
 63280 | Vaults:3 | Killed Margery
 64627 | Vaults:3 | Found a staircase to the Crypt.
 66252 | Vaults:4 | Found Zemepn's General Store.
 66480 | Vaults:4 | Reached skill level 10 in Armour
 68140 | Shoals:4 | Reached XP level 23. HP: 167/167 MP: 19/43
 68254 | Shoals:4 | Paralysed by an air elemental for 1 turns
 68258 | Shoals:4 | Paralysed by an air elemental for 1 turns
 68622 | Shoals:4 | Got a barnacled rune of Zot
 69269 | Elf:1    | Noticed Zenata
 69609 | Elf:1    | Killed Zenata
 70757 | Elf:1    | Identified the +6 scale mail of a Gauntlet {Will+ Regen+}
 70985 | Elf:1    | Found Hoav Bai's Magic Scroll Shoppe.
 71423 | Elf:1    | Found Epeprof's Distillery.
 71427 | Elf:1    | Found Ageja's General Store.
 71521 | Elf:1    | Reached skill level 1 in Staves
 71650 | Elf:1    | Found Medu's Book Shoppe.
 71860 | Elf:2    | Noticed Jorgrun
 71864 | Elf:2    | Killed Jorgrun
 71910 | Elf:2    | Found a magical portal.
 71919 | WizLab   | Entered Maxwell's Workshop
 72379 | WizLab   | Reached skill level 5 in Staves
 73219 | WizLab   | Identified the +1 halberd of the Common Good {venom, +Blink
                  | rPois Will+}
 73463 | WizLab   | Identified the +1 quarterstaff of Circularity {spect, rPois
                  | Str+2}
 73833 | Elf:2    | Found a runed translucent gate.
 73834 | Elf:2    | Found a runed translucent gate.
 73834 | Elf:2    | Found a runed translucent gate.
 74525 | Elf:3    | Entered Level 3 of the Elven Halls
 74708 | Elf:3    | Reached XP level 24. HP: 173/173 MP: 32/43
 75256 | Elf:3    | Identified the ring of Koemmob {Fly rN+ rCorr}
 76117 | Elf:3    | Identified the ring of Orphoheby {Ice Str+3}
 76166 | Elf:3    | Identified the ring of the Magpie {Ice rN+ Str+4 Int+3
                  | Dex-4 SInv}
 76390 | Elf:3    | Identified the +1 leather armour "Zahel" {Rampage rElec
                  | Stlth+}
 76393 | Abyss:3  | Cast into level 3 of the Abyss (a deep elf demonologist)
 76408 | Elf:3    | Escaped the Abyss
 76526 | Elf:3    | Identified the +6 leather armour "Focsaeha" {Harm Int+2
                  | Dex+3}
 76526 | Elf:3    | Identified the ring "Iclu Mix" {rPois rN+ rCorr}
 76618 | Elf:3    | Identified the +5 sling of Anguish {freeze, rF++ rCorr
                  | Str+3 Int+3}
 76673 | Elf:3    | Identified the ring of Beus {rF+ Dex+6 Slay+3}
 76748 | Elf:3    | Identified the Omnibus of Refrigeration
 76810 | Elf:3    | Identified the amulet "Veps" {Rampage Regen+ Int+6}
 76863 | Elf:3    | Identified the Exposition on the Welkin
 76878 | Elf:3    | Learned a level 2 spell: Blink
 76888 | Elf:3    | Learned a level 9 spell: Chain Lightning
 77214 | Slime:1  | Entered Level 1 of the Pits of Slime
 77216 | Slime:1  | Gained mutation: You are clumsy. (Dex -2) [a shining eye]
 77217 | Slime:1  | Gained mutation: You sometimes lose your temper in combat.
                  | [a shining eye]
 77219 | Slime:1  | Gained mutation: Armour fits poorly on your strangely
                  | shaped body. [a shining eye]
 77387 | Slime:1  | Reached skill level 5 in Conjurations
 78701 | Slime:5  | Entered Level 5 of the Pits of Slime
 79005 | Slime:5  | Noticed the Royal Jelly
 79005 | Slime:5  | Noticed Dissolution
 79854 | Slime:5  | Gained mutation: You are very clumsy. (Dex -4) [a shining
                  | eye]
 80162 | Slime:5  | Killed Dissolution
 80163 | Slime:5  | Reached skill level 10 in Conjurations
 80443 | Slime:5  | Killed the Royal Jelly
 80444 | Slime:5  | Reached XP level 25. HP: 172/172 MP: 16/43
 81104 | Slime:5  | Identified the +1 ring mail of the Heavens {rF++ Str+3}
 81105 | Slime:5  | Identified the +5 trident "Neuvvoy" {freeze, rPois}
 81105 | Slime:5  | Identified the +3 buckler of the Beginning {Int+4 Stlth+}
 81126 | Slime:5  | Identified the amulet "Giruru" {Reflect Int-4 Dex+5 SH+5}
 81131 | Slime:5  | Identified the +1 plate armour "Ceme" {Fly Will- Stlth+}
 81131 | Slime:5  | Identified the ring of the Komodo Dragon {Ice rElec Slay+5}
 81156 | Slime:5  | Identified the ring of Ylowaega {rPois rCorr}
 81175 | Slime:5  | Got a slimy rune of Zot
 81624 | Crypt:1  | Entered Level 1 of the Crypt
 82945 | Crypt:1  | Reached skill level 21 in Air Magic
 83405 | Crypt:3  | Entered Level 3 of the Crypt
 83798 | Crypt:2  | Identified the +5 long sword "Renoamef" {heavy, rN+ Dex+3}
 84102 | Crypt:2  | Lost mutation: You are frail. (-10% HP) [potion of
                  | mutation]
 84102 | Crypt:2  | Lost mutation: Armour fits poorly on your strangely shaped
                  | body. [potion of mutation]
 84102 | Crypt:2  | Lost mutation: You are very clumsy. (Dex -4) [potion of
                  | mutation]
 84102 | Crypt:2  | Gained mutation: You have an uncontrollable temper. [potion
                  | of mutation]
 84103 | Crypt:2  | Lost mutation: Your muscles are strong. (Str +4, Int/Dex
                  | -1) [potion of mutation]
 84103 | Crypt:2  | Lost mutation: You have an uncontrollable temper. [potion
                  | of mutation]
 84103 | Crypt:2  | Lost mutation: You are clumsy. (Dex -2) [potion of
                  | mutation]
 84103 | Crypt:2  | Gained mutation: You passively map a small area around you.
                  | [potion of mutation]
 84103 | Crypt:2  | Gained mutation: You have sharp toenails. [potion of
                  | mutation]
 84139 | Crypt:3  | Found a staircase to the Tomb.
 84387 | Crypt:3  | Reached skill level 22 in Air Magic
 85823 | Crypt:3  | Reached XP level 26. HP: 180/199 MP: 33/43
 86165 | Crypt:3  | Identified the ring "Botic" {rElec rPois Str+3 Dex-4
                  | Stlth+}
 86179 | Crypt:3  | Learned a level 1 spell: Apportation
 86704 | Crypt:3  | Identified the ring of Ithresing {rElec rN+ Will++ Int+2}
 86704 | Crypt:3  | Identified the ring "Ituesiz" {rN+ Dex+3}
 86704 | Crypt:3  | Identified the ring of Muobarawn {rN+ Will++ rCorr Str-3
                  | Slay+6}
 87313 | Tomb:1   | Entered Level 1 of the Tomb of the Ancients
 88948 | Abyss:3  | Cast into level 3 of the Abyss (a wizard)
 88949 | Abyss:3  | Found a corrupted altar of Lugonu.
 88975 | D:15     | Escaped the Abyss
 89305 | D:15     | Found a shadowy altar of Dithmenos.
 89448 | D:15     | Found a staircase to the Depths.
 89651 | Depths:1 | Entered Level 1 of the Depths
 90077 | Depths:1 | Noticed Saint Roka
 90085 | Depths:1 | Killed Saint Roka
 90640 | Depths:1 | Noticed Mara
 90648 | Depths:1 | Killed Mara
 90677 | Depths:1 | Paralysed by a sphinx for 4 turns
 91010 | Depths:1 | Found a gateway to Hell.
 91100 | Depths:1 | Noticed Sojobo
 91103 | Depths:1 | Killed Sojobo
 91292 | Depths:1 | Found a blossoming altar of Fedhas.
 92744 | Depths:2 | Found a one-way gateway to a ziggurat.
 92787 | Depths:2 | Reached XP level 27. HP: 217/217 MP: 36/43
 93103 | Depths:2 | Reached skill level 15 in Conjurations
 94196 | Depths:2 | Identified the +7 battleaxe of the Lost Blessings {heavy,
                  | rElec rF+ Int+2}
 94196 | Depths:2 | Identified the ring "Kair" {rElec rPois rC+ SInv Stlth-}
 94437 | Depths:2 | Identified the ring of Guce {rC- rCorr AC+4 Slay+3}
 94470 | Depths:2 | Identified the +3 flail "Concordance" {flame, Drain Will++
                  | rCorr SInv}
 94756 | Depths:3 | Found a one-way gate to the infinite horrors of the Abyss.
 96374 | Depths:4 | Entered Level 4 of the Depths
 96701 | Depths:4 | Reached skill level 15 in Spellcasting
 97886 | Depths:4 | Identified the ring "Raosef Nokk" {Ice rElec Str+2 Int-2}
 97990 | Depths:4 | Learned a level 7 spell: Storm Form
 98092 | Depths:4 | Identified the cursed scarf of the Eye in the Sky {rC+ rF+,
                  | Bglg, Evo} (You found it on level 10 of the Dungeon)
 98092 | Depths:4 | Identified the cursed +2 helmet of Ashenzari's Comet
                  | {Melee, Self} (You took it off Robin on level 3 of the
                  | Dungeon)
 98092 | Depths:4 | Identified the cursed +2 pair of gloves "Overhang to
                  | Understand" {Evo, Fort} (You found it on level 8 of the
                  | Dungeon)
 98092 | Depths:4 | Identified the cursed +2 pair of boots of the Astral
                  | Asceticism {Fly, Fort, Self} (You bought it in a shop on
                  | level 2 of the Orcish Mines)
 98092 | Depths:4 | Identified the cursed +10 pearl dragon scales of the Bound
                  | Mutualism {rN+, Evo, Elem} (You found it on level 3 of the
                  | Lair of Beasts)
 98425 | Snake:1  | Bought a Grand Grimoire for 612 gold pieces
 98435 | Snake:1  | Learned a level 7 spell: Malign Gateway
 98655 | Elf:1    | Bought a scroll of blinking for 105 gold pieces
 98655 | Elf:1    | Bought a scroll of enchant armour for 105 gold pieces
 98655 | Elf:1    | Bought a scroll of blinking for 105 gold pieces
 98655 | Elf:1    | Bought a scroll of poison for 56 gold pieces
 98655 | Elf:1    | Bought a scroll of teleportation for 42 gold pieces
 98655 | Elf:1    | Bought 2 scrolls of magic mapping for 210 gold pieces
 98702 | Elf:1    | Bought a potion of berserk rage for 70 gold pieces
 98702 | Elf:1    | Bought a potion of curing for 42 gold pieces
 98702 | Elf:1    | Bought a potion of might for 56 gold pieces
 98702 | Elf:1    | Bought a potion of might for 56 gold pieces
 98702 | Elf:1    | Bought a potion of mutation for 112 gold pieces
 98952 | Depths:4 | Reached skill level 1 in Summonings
 99530 | Depths:4 | Reached skill level 5 in Summonings
 99771 | Depths:4 | Found a gate to the Realm of Zot.
 99874 | Depths:4 | Identified the Grimoire of Transformed Fascination
100497 | Zot:1    | Entered Level 1 of the Realm of Zot
101310 | Zot:1    | Noticed a Killer Klown
101476 | Zot:1    | Killed a Killer Klown
101663 | Zot:1    | Reached skill level 10 in Summonings
101781 | Zot:1    | Noticed a Killer Klown
101785 | Zot:1    | Killed a Killer Klown
102941 | Zot:2    | Noticed a Killer Klown
103191 | Zot:1    | Identified the cursed ring "I Knew You'd Do That" {AC+4,
                  | Range, Evo} (You found it on level 7 of the Dungeon)
104287 | Zot:2    | Killed a Killer Klown
104912 | Zot:2    | Reached ****** piety under Ashenzari
107469 | Zot:4    | Reached skill level 15 in Fighting
107469 | Zot:4    | HP: 1/219 [storm dragon/bolt of lightning (10)]
107473 | Zot:3    | wow
108668 | Zot:4    | Identified the +1 scale mail of Furi {+Blink rPois Int+2
                  | SInv}
108855 | Zot:5    | Entered Level 5 of the Realm of Zot
110086 | Zot:5    | Noticed a dread lich
110103 | Zot:5    | Noticed an ancient lich
110107 | Zot:5    | Killed an ancient lich
110334 | Zot:5    | Noticed an orb of fire
110338 | Zot:5    | Killed an orb of fire
110345 | Zot:5    | Noticed an ancient lich
110349 | Zot:5    | Killed an ancient lich
110357 | Zot:5    | Noticed an orb of fire
110361 | Zot:5    | Killed an orb of fire
110367 | Zot:5    | Killed a dread lich
110672 | Zot:5    | Noticed an orb of fire
110672 | Zot:5    | Gained mutation: You are partially covered in iridescent
                  | scales. (AC +2) [an orb of fire]
110675 | Zot:5    | Gained mutation: You are frail. (-10% HP) [an orb of fire]
110676 | Zot:5    | Killed an orb of fire
110692 | Zot:5    | Noticed a dread lich
110696 | Zot:5    | Killed a dread lich
110699 | Zot:5    | Noticed an orb of fire
110703 | Zot:5    | Killed an orb of fire
110764 | Zot:5    | Noticed an orb of fire
110771 | Zot:5    | Killed an orb of fire
110773 | Zot:5    | Noticed an orb of fire
110779 | Zot:5    | Killed an orb of fire
110805 | Zot:5    | Reached skill level 15 in Armour
110806 | Zot:5    | Noticed a Killer Klown
110847 | Zot:5    | Noticed an orb of fire
110856 | Zot:5    | Noticed a Killer Klown
110858 | Zot:5    | Killed a Killer Klown
110951 | Zot:5    | Killed a Killer Klown
110992 | Zot:5    | Gained mutation: Armour fits poorly on your strangely
                  | shaped body. [an orb of fire]
110995 | Zot:5    | Banished an orb of fire
111027 | Zot:5    | Lost mutation: You sometimes lose your temper in combat.
                  | [potion of mutation]
111027 | Zot:5    | Lost mutation: You are partially covered in iridescent
                  | scales. (AC +2) [potion of mutation]
111027 | Zot:5    | Gained mutation: You are dopey. (Int -2) [potion of
                  | mutation]
111027 | Zot:5    | Lost mutation: You passively map a small area around you.
                  | [potion of mutation]
111028 | Zot:5    | Lost mutation: You have sharp toenails. [potion of
                  | mutation]
111028 | Zot:5    | Lost mutation: Armour fits poorly on your strangely shaped
                  | body. [potion of mutation]
111028 | Zot:5    | Lost mutation: You are frail. (-10% HP) [potion of
                  | mutation]
111028 | Zot:5    | Lost mutation: You are dopey. (Int -2) [potion of mutation]
111028 | Zot:5    | Gained mutation: Your mind is acute. (Int +4, Str/Dex -1)
                  | [potion of mutation]
111028 | Zot:5    | Gained mutation: Your magical capacity is low. (-10% MP)
                  | [potion of mutation]
111593 | Zot:5    | Got the Orb of Zot
111732 | Zot:1    | Noticed Veppu the pandemonium lord
112036 | D:6      | Noticed Ozui the pandemonium lord
112064 | D:6      | Killed Ozui the pandemonium lord
112182 | D:$      | Escaped with the Orb!

Illustrated notes

#............####..
#.........[[.[....#
#.........)..####.#
#............# #.#
#............# #..
#............# ###
#............#
##D########### #@#
############# #.#
#............ #.#
#.########### #.#
#.# # #.####.### #
#........# #
########.# #####
#.#####....
#.#...'.~~~


Turn 107473 on Zot:3: wow

Levels and vault maps discovered:
D:1:      matt_arrival_los_fun, layout_rooms
D:2:      layout_basic, serial_forest, infiniplex_forest_lined_room_3,
          infiniplex_forest_clump_tiny, infiniplex_forest_lined_3_way,
          infiniplex_forest_end_2, infiniplex_forest_clump_curved,
          infiniplex_forest_lined_2, infiniplex_forest_straight_5,
          infiniplex_forest_clump_large, shapermc_ecumenical_altar_mp_vishouse
D:3:      layout_basic, serial_shops,
          nicolae_shop_temple_entry_statues_fountains, shop_statue,
          dilly_guarded_unrand_morg, uniq_robin
D:4:      layout_loops_cross, mainiacjoe_overflow_24_doors, uniq_pikel,
          uniq_crazy_yiuf_cottage, uniq_edmund, uniq_blork_the_orc
D:5:      layout_basic, doesnt_xom_only_xom, grunt_temple_overflow_diamond,
          temple_green, minmay_mini_ossuary, uniq_grinder
D:6:      layout_loops_cross, serial_shops, kennysheep_little_box,
          minmay_misc_feat_doors, minmay_hedge_maze
D:7:      layout_rooms, reono_crystal_passage, st_stairs_12, minmay_holes,
          minmay_door_square, uniq_prince_ribbit1
D:8:      layout_gridville, serial_bayou, serial_bayou_shore_b,
          serial_bayou_lagoon_a, serial_bayou_ford_a, serial_bayou_lake_a,
          serial_bayou_pond_e, moated_statue
D:9:      layout_basic, elyvilon_altar_1, chequers_temple_overflow_minitemple,
          lair_entry_dummy, fountainhead, uniq_maurice, uniq_erica
D:10:     layout_rooms, mainiacjoe_overflow_concentric_impassable,
          serial_co_window_serial, co_window_paths_a, co_window_corner_a,
          co_window_corner_a, co_window_paths_a, co_window_paths_b,
          co_window_of_opportunity_a, co_window_cross_1, co_window_paths_a,
          co_window_paths_a, co_window_corner_ca, co_window_2corner,
          co_window_of_opportunity_c, co_window_corner_b, co_window_4corner_a,
          glass_columns_c, glass_columns_a, glass_columns_a
D:11:     layout_roguey, nzn_ghost_randoct, kennysheep_okawaru_gauntlet,
          uniq_grum
D:12:     layout_long_grid, david_orc_4
D:13:     minmay_two_paths, layout_irregular_city, minmay_lindwurm_lava
D:14:     layout_roguey [special_room_bee], erik_vaults_2, serial_bayou_pond_e,
          uniq_nessos, uniq_agnes
D:15:     hangedman_depths_entry_civil_slaughter, layout_basic,
          nicolae_dithmenos_shadow_blocks, dk_noncrumbling_4
Temple:   dpeg_chambers_temple
Lair:1:   layout_loops_ring, special_room, worms_lemuel
Lair:2:   beast_lair_carwin_large_2, layout_loops_ring,
          guppyfry_snake_entry_garden
Lair:3:   layout_loops_ring, minmay_shoals_entry_hut,
          gammafunk_ghost_necromancy, chequers_serial_rivers_micro_d
Lair:4:   layout_hall_layers, ebering_ghost_rock_garden, grunt_megastairs_1,
          uniq_kirke
Lair:5:   evilmike_catoblepas_cave, layout_layer_cave,
          nicolae_slime_entry_field_trip, gammafunk_lair_bear_cave
Shoals:1: layout_shoals
Shoals:2: layout_shoals, kb_tengu_band
Shoals:3: layout_shoals, serial_shops, nicolae_shop_crystal, shop
Shoals:4: shoals_end_hellmonk_storm_palace [storm_palace_center_circular,
          storm_palace_corner_grid, storm_palace_corner_altar,
          storm_palace_corner_pillars, storm_palace_corner_pillars]
Snake:1:  layout_honeycomb, serial_bayou_shore_b, serial_bayou_shore_b,
          minmay_shop_grove
Snake:2:  kennysheep_snake, layout_honeycomb, nicolae_shop_overcharged_wands,
          uniq_louise, uniq_roxanne
Snake:3:  layout_onion_interference, minmay_shop_star, uniq_vashnia, uniq_donald
Snake:4:  grunt_snake_rune_serpentine_throne, layout_chambers,
          portal_ice_cave_entry_pillars_1, grunt_ministairs_5
Slime:1:  layout_caves, cheibrodos_slime_lost_civilization_5
Slime:2:  layout_caves, nicolae_slime_round_cave
Slime:3:  cheibrodos_slime_lost_civilization_3, layout_caves
Slime:4:  layout_caves
Slime:5:  uniq_dissolution
Orc:1:    layout_caves, uniq_nergalle
Orc:2:    st_orc_open, layout_caves
Elf:1:    minmay_elf_arrival_circle, layout_rooms, serial_shops,
          nicolae_shop_trees, shop, shop, shop_scrolls,
          hangedman_elven_crosses_minicolossus, uniq_zenata
Elf:2:    nicolae_elf_blades_crystal_corner, layout_geoelf_grid,
          mu_enter_wizlab_3, uniq_jorgrun
Elf:3:    minmay_elf_hall_spiked, layout_loops_cross, patterned_corridor
Vaults:1: nicolae_vaults_shelves_hall, vaults_mumra_bighexcomb,
          hangedman_vaults_cutoff, v_rooms_6, vaults_room_hallway,
          vaults_room_pool, ontoclasm_vaults_eye, hangedman_vaults_restitches,
          layout_vaults_ring
Vaults:2: gammafunk_sealed_arena, nicolae_vaults_theta, v_pattern_4,
          nicolae_vaults_sealed_display, vaults_room_fours,
          nicolae_vaults_little_squares_4, vaults_standard_mumra_lines,
          v_alt_pattern_6, nicolae_vaults_mini_display_case,
          nicolae_vaults_little_squares_6, layout_vaults_omnigrid
Vaults:3: minmay_crypt_entry_simple_walls, v_rooms_2,
          nicolae_vaults_border_crossing, vaults_mumra_chevron_long,
          nicolae_vaults_specimen_jars, hangedman_vaults_nodes, v_misc_5,
          grunt_vaults_hallway_short, hangedman_vaults_stretched_pinwheel,
          v_alt_pattern_6, v_misc_17, v_misc_12, nicolae_vaults_angled_halls,
          layout_vaults_omnicross, uniq_margery
Vaults:4: vaults_standard_mumra_x, v_misc_16, vaults_dpeg_spiral,
          ontoclasm_vaults_decontamination, hangedman_vaults_pinch, v_rooms_4,
          nicolae_vaults_twisting_passages, nicolae_vaults_asterisk,
          hangedman_vaults_slither, layout_vaults_maze_bifur, serial_shops, shop
Crypt:1:  layout_basic, lemuel_upstairs_altar
Crypt:2:  layout_rooms
Crypt:3:  due_elkab, layout_chaotic_city, palyth_stone_intersect
Tomb:1
Depths:1: layout_gridville, pf_hell_entry_tar_river, hangedman_glass_teeth,
          serial_sigils_hangedman_scratch, small_chamber_with_monster,
          fedhas_altar_2, firewood_loft, uniq_saint_roka, uniq_mara, uniq_sojobo
Depths:2: vault_1, layout_honeycomb, enter_ziggurat_f, pan_entry,
          nicolae_titane, grunt_hell_entry_dis_mu
Depths:3: nzn_winding_woodlands_small [nzn_winding_woodlands_5x15_default,
          nzn_winding_woodlands_center_garden,
          nzn_winding_woodlands_5x15_default], layout_basic,
          minmay_misc_feat_alley, abyss_entry, hell_entry, grunt_ministairs_2,
          grunt_decor_one_mirror
Depths:4: lemuel_castle_with_subvaults [lemuel_castle_interior_original],
          layout_basic, hell_entry, minmay_misc_feat_secret_circle,
          serial_bayou_shore_b, serial_bayou_shore_a
Zot:1:    cheibrodos_zot_enchanting_chambers, layout_onion
Zot:2:    layout_cathedral_of_symmetry, grunt_megastairs_5
Zot:3:    layout_gridlike
Zot:4:    layout_misc_corridors, hangedman_zot_decor_tridents,
          nicolae_lava_and_water
Zot:5:    layout_basic, kennysheep_underground_church

Skill      XL: |  1  2  3  4  5  6  7  8  9 10 11 12 13 14 15 16 17 18 19 20 21 22 23 24 25 26 27 |
---------------+----------------------------------------------------------------------------------+-----
Air Magic      | 4 5 8 9 10 12 13 14 17 20 22 | 22.8
Spellcasting   | 4 8 11 12 16 | 16.6
Conjurations   | 3 4 11 12 14 17 | 17.7
Short Blades   | 4 10 12 | 12.1
Ice Magic      | 1 7 |  7.9
Fighting       | 3 6 8 11 14 19 | 19.2
Armour         | 4 7 12 14 15 | 15.7
Dodging        | 7 11 16 17 19 | 19.4
Evocations     | 6 7 |  7.8
Throwing       | 3 6 |  6.7
Stealth        | 4 7 |  7.9
Translocations | 9 |  9.0
Staves         | 9 |  9.6
Summonings     | 14 | 14.0

Action                     |  1- 3 |  4- 6 |  7- 9 | 10-12 | 13-15 | 16-18 | 19-21 | 22-24 | 25-27 || total
---------------------------+-------+-------+-------+-------+-------+-------+-------+-------+-------++-------
  Melee: Unarmed           |    11 |       |       |       |       |       |       |       |       ||    11
         Short sword       |       |    47 |       |       |       |       |       |       |       ||    47
         Dagger            |       |     1 |     9 |       |       |       |       |       |       ||    10
         Rapier            |       |       |     1 |    50 |    95 |   243 |   509 |   238 |       ||  1136
         Punch             |       |       |       |       |     3 |     4 |    14 |     9 |       ||    30
         Staff             |       |       |       |       |       |       |       |    69 |   188 ||   257
   Cast: Shock             |    62 |    87 |    55 |   115 |    26 |     5 |       |       |       ||   350
         Airstrike         |       |     6 |    55 |   133 |   259 |   359 |   242 |   195 |   139 ||  1388
         Static Discharge  |       |     1 |     9 |    54 |    74 |    19 |    20 |       |       ||   177
         Freezing Cloud    |       |       |       |    12 |    62 |   121 |   112 |    53 |     2 ||   362
         Swiftness         |       |       |       |       |     2 |     1 |       |     1 |     6 ||    10
         Maxwell's Capacit |       |       |       |       |       |     1 |    56 |   170 |   427 ||   654
         Conjure Ball Ligh |       |       |       |       |       |     1 |    16 |    33 |   206 ||   256
         Arcjolt           |       |       |       |       |       |       |    82 |    34 |     8 ||   124
         Dispersal         |       |       |       |       |       |       |     1 |     4 |     6 ||    11
         Summon Lightning  |       |       |       |       |       |       |     1 |     7 |       ||     8
         Blink             |       |       |       |       |       |       |       |       |    12 ||    12
         Malign Gateway    |       |       |       |       |       |       |       |       |    23 ||    23
         Chain Lightning   |       |       |       |       |       |       |       |       |    21 ||    21
         Storm Form        |       |       |       |       |       |       |       |       |     1 ||     1
 Invoke: Curse Item        |       |       |     2 |     5 |     1 |     1 |     2 |     2 |     3 ||    16
         Shatter the Chain |       |       |       |       |     1 |       |     1 |     3 |     1 ||     6
  Evoke: Wand              |       |       |       |       |     3 |       |     3 |     7 |     3 ||    16
         Condenser vane    |       |       |       |       |     1 |     2 |     1 |       |     1 ||     5
         Phantom mirror    |       |       |       |       |     1 |     1 |     2 |     4 |       ||     8
         Box of beasts     |       |       |       |       |       |       |       |       |     3 ||     3
    Use: Potion            |       |     2 |       |     1 |     2 |     8 |     1 |     7 |    26 ||    47
         Scroll            |       |     1 |     8 |     3 |    15 |     6 |     2 |     3 |     9 ||    47
   Stab: Distracted        |       |     2 |       |     1 |       |       |     1 |     2 |     3 ||     9
         Sleeping          |       |       |       |     3 |     2 |     1 |     3 |     2 |     2 ||    13
         Invisible         |       |       |       |       |       |     1 |       |       |       ||     1
         Paralysed         |       |       |       |       |       |       |     1 |     5 |       ||     6
 Armour: Robe              |    11 |     2 |       |       |       |       |       |       |       ||    13
         Animal skin       |       |    23 |     2 |    11 |       |       |       |       |       ||    36
         Steam dragon scal |       |       |       |    54 |    69 |       |       |       |       ||   123
         Pearl dragon scal |       |       |       |       |    43 |   239 |   377 |   332 |   548 ||  1539
  Dodge: Dodged            |    30 |    44 |    23 |    90 |   174 |   229 |   272 |   340 |   431 ||  1633
  Block: Buckler           |       |       |       |       |       |       |       |       |   200 ||   200

Table legend: (Time is in decaauts)
 A = Elapsed time spent in this place.
 B = Non-inter-level travel time spent in this place.
 C = Inter-level travel time spent in this place.
 D = Time resting spent in this place.
 E = Time spent auto-exploring this place.
 F = Levels seen in this place.
 G = Mean time per level.
                   A        B        C        D        E       F      G
               +--------+--------+--------+--------+--------+-----+--------+
         Total | 111714 | 103908 |   7806 |  41676 |  45668 |  62 | 1801.8 |
       Dungeon |  23539 |  20818 |   2721 |   5931 |  12302 |  15 | 1569.3 |
        Temple |    123 |    102 |     21 |      0 |     86 |   1 |  123.0 |
          Lair |  10169 |   9007 |   1162 |   2474 |   5504 |   5 | 2033.8 |
        Shoals |   8431 |   8092 |    339 |   3448 |   3550 |   4 | 2107.8 |
     Snake Pit |  12492 |  12087 |    405 |   5932 |   4586 |   4 | 3123.0 |
    Slime Pits |   4122 |   3675 |    447 |   2230 |    790 |   5 |  824.4 |
  Orcish Mines |   4191 |   3805 |    386 |   2057 |   1337 |   2 | 2095.5 |
   Elven Halls |   5490 |   5163 |    327 |   1540 |   2571 |   3 | 1830.0 |
        Vaults |  10824 |  10170 |    654 |   4416 |   3862 |   4 | 2706.0 |
         Crypt |   5579 |   5364 |    215 |   2236 |   1931 |   3 | 1859.7 |
          Tomb |   1164 |   1091 |     73 |    578 |     66 |   1 | 1164.0 |
        Depths |  10213 |   9744 |    469 |   3510 |   4629 |   4 | 2553.2 |
           Zot |  10719 |  10137 |    582 |   4701 |   3675 |   5 | 2143.8 |
         Abyss |    436 |    436 |      0 |     16 |      0 |   4 |  109.0 |
      Ice Cave |   2556 |   2556 |      0 |   1618 |    524 |   1 | 2556.0 |
        Wizlab |   1660 |   1660 |      0 |    989 |    253 |   1 | 1660.0 |
               +--------+--------+--------+--------+--------+-----+--------+

Top non-repeatable levels by time:
 Snake:2: 4694 daAuts
 Snake:4: 3893 daAuts
Vaults:3: 3456 daAuts
Depths:2: 3308 daAuts
 Crypt:3: 3081 daAuts
   Zot:3: 3034 daAuts
Depths:4: 2964 daAuts
Vaults:1: 2891 daAuts
Vaults:2: 2864 daAuts
   Zot:5: 2611 daAuts
  Lair:5: 2595 daAuts
   IceCv: 2556 daAuts
 Snake:3: 2516 daAuts
   Orc:2: 2477 daAuts
Shoals:4: 2437 daAuts
